 Dungeon Crawl Stone Soup version 0.30.0 (webtiles) character file.

Game seed: 7616810800606353514

122 fuwafuwa the Chiller (level 5, -2/35 HPs)
             Began as a Human Ice Elementalist on Aug 11, 2023.
             Slain by an ogre
             ... wielding a +0 giant spiked club
              (12 damage)
             ... on level 3 of the Dungeon.
             The game lasted 00:18:34 (3403 turns).

fuwafuwa the Chiller (Human Ice Elementalist)       Turns: 3403, Time: 00:18:34

Health: -2/35      AC:  2    Str:  8    XL:     5   Next: 27%
Magic:  1/8        EV: 12    Int: 18    God:
Gold:   114        SH:  0    Dex: 13    Spells: 2/9 levels left

rFire   . . .        c - +0 whip (pain)
rCold   . . .        (no shield)
rNeg    . . .        a - +0 robe
rPois   .            (no helmet)
rElec   .            (no cloak)
rCorr   .            (no gloves)
SInv    .            (no boots)
Will    .....        (no amulet)
Stlth   ++           (no ring)
HPRegen 0.25/turn    (no ring)
MPRegen 0.11/turn

%: no passive effects
@: freezing walls, very slightly contaminated
A: no striking features
a: no special abilities


You were on level 3 of the Dungeon.
You visited 1 branch of the dungeon, and saw 3 of its levels.

You collected 114 gold pieces.

Inventory:

Hand Weapons
 c - a +0 whip of pain (weapon)
 h - a +0 dagger
Missiles
 f - 10 poisoned darts
 n - 3 atropa-tipped darts
Armour
 a - a +0 robe (worn)
 m - an orb of energy
Scrolls
 d - 2 scrolls of teleportation {unknown}
 e - 4 scrolls of identify
 i - a scroll of magic mapping {unknown}
 o - a scroll of noise {unknown}
 q - a scroll of immolation {unknown}
 r - a scroll of fear {unknown}
Potions
 b - a potion of magic
 g - a potion of brilliance {unknown}
 j - a potion of haste {unknown}
 k - a potion of mutation {unknown}
 l - 3 potions of curing
 p - a potion of attraction {unknown}


   Skills:
 - Level 2.0 Dodging
 - Level 2.0 Stealth
 - Level 2.6 Spellcasting
 * Level 5.9 Ice Magic


You had 2 spell levels left.
You knew the following spells:

 Your Spells              Type           Power      Damage    Failure   Level
a - Freeze                Ice            92%        1d9       1%          1
b - Frozen Ramparts       Ice            46%        1d7       4%          3
c - Ozocubu's Armour      Ice            23%        N/A       4%          3

Your spell library contained the following spells:

 Spells                   Type           Power      Damage    Failure   Level
 Summon Ice Beast         Ice/Summ       12%        N/A       45%         4


Dungeon Overview and Level Annotations

Branches:
Dungeon (3/15)

Altars:
Yredelemnul

Annotations:
D:2 Sigmund
D:3 1 runed translucent door, exclusions: door and ogre, Crazy Yiuf


Message History

Found 7 stones.
Found a basalt altar of Yredelemnul.
No target in view!
No target in view!
You see here 3 boomerangs.
A ball python comes into view.
A ball python is nearby!
The ball python hisses angrily.
Casting: Freeze (safe; 1% risk of failure)
Confirm with . or Enter, or press ? or * to list all spells.
Casting: Frozen Ramparts (dangerous; 4% risk of failure)
Press: ? - help, Dir - look around, f - activate The walls around you are covered in ice.
The wall freezes the ball python.
The ball python seems to slow down.
The ball python barely misses you. x2
Casting: Frozen Ramparts (dangerous; 4% risk of failure)
Confirm with . or Enter, or press ? or * to list all spells.
You miscast Ozocubu's Armour.
You are very lightly contaminated with residual magic.
Nothing appears to happen.
The wall freezes the ball python!
You kill the ball python!
The wall freezes the ogre.
The wall freezes the ogre.
You hit the ogre.
The ogre is moderately wounded.
The wall freezes the ogre.
The ogre hits you with a +0 giant spiked club.
Aiming: Freeze (safe; 1% risk of failure)
Press: ? - help, Q - select action, (/) - cycle Shift-Dir - straight line, f - ogre
Aim: an ogre, wielding a +0 giant spiked club (heavily wounded)
You freeze the ogre.
The ogre is heavily wounded.
The wall freezes the ogre.
The ogre hits you with a +0 giant spiked club!!
Ouch! That really hurt!
* * * LOW HITPOINT WARNING * * *
You barely miss the ogre.
The ogre is severely wounded.
The wall freezes the ogre.
The ogre hits you with a +0 giant spiked club!
You die...

##.##.#....... #...#<#......
#.....#..... #...###.....
##.####....O ##.#......#
##.###.###.# #######.## ##.##O#
.......## ##.#@### #######
.#####..## ##......######.#......
.#####.#.###.###.#........#†##.#.
....##.##.#.## #.##########.##...
.##.##.###.## #....# #.##...
..........## ####.# #.##.#.
#########.# #.# #.##.#. # #.#
##.## #...... # ###.# #...#
####...


You could see an ogre.

Vanquished Creatures
  5 adders
  A worm (D:2)
  2 dart slugs
  8 ball pythons
  9 endoplasms
  5 giant cockroaches
  6 goblins
  5 hobgoblins
  4 jackals (D:1)
  2 kobolds
  4 quokkas
  8 bats
  A frilled lizard (D:2)
  3 rats
63 creatures vanquished.

Vanquished Creatures (others)
  4 fungi (D:2)
  4 plants (D:2)
8 creatures vanquished.

Grand Total: 71 creatures vanquished

Notes
Turn   | Place    | Note
-------+----------+-------------------------------------------
     0 | D:1      | fuwafuwa the Human Ice Elementalist began the quest for the
                  | Orb.
     0 | D:1      | Reached XP level 1. HP: 13/13 MP: 3/3
   233 | D:1      | Reached XP level 2. HP: 19/19 MP: 1/5
   789 | D:1      | Reached XP level 3. HP: 24/24 MP: 4/6
  1193 | D:2      | Noticed Sigmund
  1377 | D:2      | Learned a level 3 spell: Frozen Ramparts
  1381 | D:2      | Learned a level 3 spell: Ozocubu's Armour
  1647 | D:2      | Reached XP level 4. HP: 25/30 MP: 2/7
  1650 | D:2      | Reached skill level 5 in Ice Magic
  2185 | D:2      | Found a faded altar of an unknown god.
  2496 | D:3      | Noticed an ogre
  2714 | D:3      | Reached XP level 5. HP: 19/35 MP: 6/8
  2928 | D:3      | Found a runed translucent door.
  2929 | D:3      | Noticed Crazy Yiuf
  3318 | D:3      | Found a basalt altar of Yredelemnul.
  3403 | D:3      | Slain by an ogre

Illustrated notes

Levels and vault maps discovered:
D:1:      lemuel_arrival_tunnels, layout_loops_ring, serial_bayou_crossing
D:2:      layout_loops_ring, dreamdust_ecumenical_altar_hidden_monk_grotto,
          uniq_sigmund
D:3:      layout_loops_cross, gammafunk_temple_overflow_elements,
          nicolae_overflow_hidden_temple, minmay_splitting_lines,
          uniq_crazy_yiuf_cottage, uniq_robin

Skill      XL: |  1  2  3  4 |
---------------+-------------+-----
Ice Magic      | 5 |  5.9
Dodging        | |  2.0
Stealth        | |  2.0
Spellcasting   | |  2.6

Action                     |  1- 3 |  4- 6 || total
---------------------------+-------+-------++-------
  Melee: Whip              |    16 |    43 ||    59
         Unarmed           |     1 |       ||     1
   Cast: Freeze            |    48 |    20 ||    68
         Frozen Ramparts   |     2 |     6 ||     8
         Ozocubu's Armour  |       |     1 ||     1
    Use: Scroll            |       |     1 ||     1
   Stab: Sleeping          |       |     1 ||     1
 Armour: Robe              |    16 |     7 ||    23
  Dodge: Dodged            |    44 |    36 ||    80
